 Dungeon Crawl Stone Soup version 0.30-a0-219-gf2db51d15e (webtiles) character file.

Game seed: 15035108369184869932

1117 kae the Sneak (level 8, -4/39 HPs)
             Began as a Spriggan Enchanter on Oct 7, 2022.
             Was a Follower of Dithmenos.
             Slain by a two-headed ogre
             ... wielding a +0 giant club
              (30 damage)
             ... on level 6 of the Dungeon.
             The game lasted 00:06:57 (5924 turns).

kae the Sneak (Spriggan Enchanter)                  Turns: 5924, Time: 00:06:57

Health: -4/39      AC:  5    Str:  4    XL:     8   Next: 12%
Magic:  4/16       EV: 19    Int: 19    God:    Dithmenos [*.....]
Gold:   148        SH:  0    Dex: 15    Spells: 6/17 levels left

rFire   . . .      SeeInvis +    w - +2 dagger (protect)
rCold   . . .      Faith    .    (no shield)
rNeg    . . .      Spirit   .    b - +0 robe
rPois   .          Reflect  .    i - +2 hat
rElec   .          Harm     .    o - +0 cloak
rCorr   .          Rampage  .    (gloves unavailable)
Will    +....                    (boots unavailable)
Stlth   ++++......               l - amulet of magic regeneration
HPRegen 0.26/turn                Y - +4 ring of slaying
MPRegen 0.55/turn                Z - ring of wizardry

@: confusing by touch, very slightly contaminated, wreathed by umbra, very quick
A: very small, no large weapons, unfitting armour, see invisible, speed 3
a: Renounce Religion


You were on level 6 of the Dungeon.
You worshipped Dithmenos.
Dithmenos was aware of your devotion.
You visited 2 branches of the dungeon, and saw 7 of its levels.

You collected 238 gold pieces.
You spent 90 gold pieces at shops.


Innate Abilities, Weirdness & Mutations

You are very small and have problems with some larger weapons.
You are too small for most types of armour.
You have supernaturally acute eyesight. (SInv)
You cover ground extremely quickly. (Speed+++)


   Skills:
 + Level 2.7 Fighting
 * Level 5.7 Short Blades
 + Level 5.3 Dodging
 + Level 7.0 Stealth
 + Level 5.1 Spellcasting
 + Level 5.5 Hexes


You had 6 spell levels left.
You knew the following spells:

 Your Spells              Type           Power      Damage    Failure   Level
a - Ensorcelled Hibernat  Hex/Ice        30%        N/A       2%          2
b - Confusing Touch       Hex            26%        N/A       1%          3
c - Tukima's Dance        Hex            26%        N/A       1%          3
d - Dazzling Flash        Conj/Hex       30%        N/A       4%          3

Your spell library contained the following spells:

 Spells                   Type           Power      Damage    Failure   Level
 Foxfire                  Conj/Fire      16%        2x1d4     4%          1
 Gell's Gravitas          Tloc           4%         N/A       16%         3
 Lesser Beckoning         Tloc           8%         N/A       16%         3
 Teleport Other           Tloc           4%         N/A       16%         3

Inventory:

Hand Weapons
 a - a +1 dagger
 w - a +2 dagger of protection (weapon)
   (You took it off a goblin on level 4 of the Dungeon)
Missiles
 d - 68 stones (quivered)
 e - 2 throwing nets {=f!f}
 m - 5 silver boomerangs
 u - 4 boomerangs
Armour
 b - a +0 robe (worn)
 i - a +2 hat (worn)
   (You found it on level 1 of the Dungeon)
 o - a +0 cloak (worn)
   (You found it on level 2 of the Dungeon)
Magical Staves
 h - a staff of cold {!a}
   (You found it on level 1 of the Dungeon)
Jewellery
 l - an amulet of magic regeneration (around neck)
   (You found it on level 1 of the Dungeon)
 D - a +6 ring of dexterity
   (You found it on level 5 of the Dungeon)
 R - a ring of resist corrosion
   (You found it on level 4 of the Dungeon)
 Y - a +4 ring of slaying (left hand)
   (You found it on level 2 of the Dungeon)
 Z - a ring of wizardry (right hand)
   (You found it on level 2 of the Dungeon)
Wands
 s - a wand of charming (2)
   (You took it off Ijyb on level 2 of the Dungeon)
 v - a wand of light (20)
   (You found it on level 3 of the Dungeon)
Scrolls
 f - 2 scrolls of identify {@r1}
 g - a scroll of vulnerability {!r!r}
 r - a scroll of blinking {!r}
 t - a scroll of enchant armour
 y - a scroll of immolation {!r!r}
Potions
 c - 2 potions of invisibility
 j - 8 potions of curing {@q1}
 k - a potion of attraction {!q}
 n - a potion of lignification {!q}
 p - 2 potions of heal wounds {@q2}
 q - 2 potions of degeneration {!q}
 x - a potion of might
 z - 2 potions of cancellation

Dungeon Overview and Level Annotations

Branches:
Dungeon (6/15) Zot: 26928  Temple (1/1) D:4 Zot: 5922

Altars:
Ashenzari
Cheibriados
Dithmenos
Elyvilon
Gozag
Hepliaklqana
Kikubaaqudgha
Makhleb
Qazlal
Ru
Sif Muna
Uskayaw
Vehumet
Wu Jian
Xom
Yredelemnul
Zin
The Shining One

.....# #.# #.#.#
##....#
#.#.###>####.#.#####
#.....#
#...................
##....#
###.###.####.....####
#<#### #.# #.#
##...##.?# #.#
####.###.# ##.##5..#
#.# .........##
#.#...# ..#
#######...## +#.#O.#
### #....###..@###..
#........8........
##...###...###...#
#..## +#.#+ .# #.##
#.# #.# #.# #.# ...
.. ... # ...


You could see a two-headed ogre and a white imp (confused).


Message History

You lost 2 mp, and now have 13/16 mp.
You hit the white imp but do no damage.
The white imp appears confused.
The white imp misses you.
You hit the white imp. 😎 MP[+1]
You hit the white imp. The white imp closely misses you.
You hit the white imp.
Casting: Confusing Touch (safe; 1% risk of failure)
Confirm with . or Enter, or press ? or * to list all spells.
Aiming: Ensorcelled Hibernation (safe; 2% risk of failure)
Press: ? - help, Shift-Dir - straight line, f - two-headed ogre
Aim: a two-headed ogre, wielding two +0 giant clubs (umbra, chance to affect: 31%)
The two-headed ogre easily resists.
The white imp hits the two-headed ogre.
The white imp freezes the two-headed ogre.
The white imp hits itself but does no damage.
The two-headed ogre closely misses you. x2 😎 MP[-1]
You lost 1 mp, and now have 13/16 mp.
Casting: Ensorcelled Hibernation (safe; 2% risk of failure)
Confirm with . or Enter, or press ? or * to list all spells.
Aiming: Ensorcelled Hibernation (safe; 2% risk of failure)
Press: ? - help, Shift-Dir - straight line, f/p - two-headed ogre
Aim: a two-headed ogre, wielding two +0 giant clubs (lightly wounded, umbra, chance to affect: 31%)
The two-headed ogre easily resists. 😎 MP[-1]
You lost 1 mp, and now have 12/16 mp.
Casting: Ensorcelled Hibernation (safe; 2% risk of failure)
Confirm with . or Enter, or press ? or * to list all spells.
Aiming: Ensorcelled Hibernation (safe; 2% risk of failure)
Press: ? - help, Shift-Dir - straight line, f/p - two-headed ogre
Aim: a two-headed ogre, wielding two +0 giant clubs (lightly wounded, umbra, chance to affect: 31%)
You miscast Ensorcelled Hibernation.
You are very lightly contaminated with residual magic.
Nothing appears to happen.
The two-headed ogre closely misses you.
The two-headed ogre hits you with a +0 giant club! 😮 HP[-14] MP[-2]
You take 14 damage, and now have 25/39 hp.
MASSIVE DAMAGE!! (PAUSE)
You lost 2 mp, and now have 10/16 mp.
Casting: Ensorcelled Hibernation (safe; 2% risk of failure)
Confirm with . or Enter, or press ? or * to list all spells.
Aiming: Ensorcelled Hibernation (safe; 2% risk of failure)
Press: ? - help, Shift-Dir - straight line, f/p - two-headed ogre
Aim: a two-headed ogre, wielding two +0 giant clubs (lightly wounded, umbra, chance to affect: 31%)
The two-headed ogre easily resists.
The two-headed ogre closely misses you.
The two-headed ogre misses you. 😮 MP[-1]
You lost 1 mp, and now have 9/16 mp.
Unknown command.
Casting: Ensorcelled Hibernation (safe; 2% risk of failure)
Confirm with . or Enter, or press ? or * to list all spells.
Aiming: Ensorcelled Hibernation (safe; 2% risk of failure)
Press: ? - help, Shift-Dir - straight line, f/p - two-headed ogre
Aim: a two-headed ogre, wielding two +0 giant clubs (lightly wounded, umbra, chance to affect: 31%)
The two-headed ogre easily resists. 😮 MP[-2]
You lost 2 mp, and now have 7/16 mp.
Unknown command.
Casting: Ensorcelled Hibernation (safe; 2% risk of failure)
Confirm with . or Enter, or press ? or * to list all spells.
Aiming: Ensorcelled Hibernation (safe; 2% risk of failure)
Press: ? - help, Shift-Dir - straight line, f/p - two-headed ogre
Aim: a two-headed ogre, wielding two +0 giant clubs (lightly wounded, umbra, chance to affect: 31%)
The two-headed ogre looks drowsy...
The white imp hits the two-headed ogre but does no damage.
The two-headed ogre shouts in stereo! 😮 MP[-1]
You lost 1 mp, and now have 6/16 mp.
Unknown command.
Casting: Ensorcelled Hibernation (safe; 2% risk of failure)
Confirm with . or Enter, or press ? or * to list all spells.
Aiming: Ensorcelled Hibernation (safe; 2% risk of failure)
Press: ? - help, Shift-Dir - straight line, f - you, p - two-headed ogre That would be overly suicidal.
Okay, then.
Unknown command.
Casting: Ensorcelled Hibernation (safe; 2% risk of failure)
Confirm with . or Enter, or press ? or * to list all spells.
Aiming: Ensorcelled Hibernation (safe; 2% risk of failure)
Press: ? - help, Shift-Dir - straight line, f - you That would be overly suicidal.
Okay, then.
Unknown command.
Unknown command.
Unknown command.
Casting: Ensorcelled Hibernation (safe; 2% risk of failure)
Confirm with . or Enter, or press ? or * to list all spells.
Aiming: Ensorcelled Hibernation (safe; 2% risk of failure)
Press: ? - help, Shift-Dir - straight line, f - you That would be overly suicidal.
Okay, then.
Unknown command.
Casting: Ensorcelled Hibernation (safe; 2% risk of failure)
Confirm with . or Enter, or press ? or * to list all spells.
Your hands begin to glow red.
The two-headed ogre closely misses you.
The two-headed ogre completely misses you.
The two-headed ogre misses you.
The two-headed ogre hits you with a +0 giant club!!
Ouch! That really hurt!
You die...

Skill      XL: |  1  2  3  4  5  6  7  8 |
---------------+-------------------------+-----
Spellcasting   | 3 4 5 |  5.1
Short Blades   | 2 3 4 5 |  5.7
Dodging        | 3 4 5 |  5.3
Hexes          | 4 5 |  5.5
Fighting       | 1 2 |  2.7
Stealth        | 5 6 7 |  7.0

Action                   |  1- 3 |  4- 6 |  7- 9 || total
-------------------------+-------+-------+-------++-------
Melee: Dagger            |   120 |   151 |    60 ||   331
       Punch             |     2 |     1 |     1 ||     4
 Cast: Ensorcelled Hiber |     3 |    50 |    15 ||    68
       Tukima's Dance    |       |       |     5 ||     5
       Confusing Touch   |       |       |     6 ||     6
  Use: Scroll            |     4 |     8 |     2 ||    14
 Stab: Sleeping          |    16 |    32 |    10 ||    58
       Confused          |       |       |     3 ||     3
Armor: Robe              |    19 |    35 |     4 ||    58
Dodge: Dodged            |    96 |   139 |    43 ||   278

Levels and vault maps discovered:
D:1:      erik_arrival_triangle_large, layout_basic,
          shapermc_ecumenical_altar_rom_forum, minmay_crystal_water
D:2:      layout_loops_ring, minmay_splitting_lines, uniq_natasha
D:3:      layout_rooms, grunt_temple_overflow_diamond, zin_purify, uniq_robin,
          uniq_ijyb, uniq_pargi
D:4:      wad_lake_hut, layout_loops_cross, minmay_temple_entry_enclosed_plants
D:5:      layout_basic, uniq_eustachio, uniq_duvessa
D:6:      cheibrodos_barr_body, layout_loops_corners, hangedman_minor_gate_pass
Temple:   compressed_dpeg_circular_temple

Notes
Turn   | Place    | Note
-------+----------+-------------------------------------------
     0 | D:1      | kae the Spriggan Enchanter began the quest for the Orb.
     0 | D:1      | Reached XP level 1. HP: 9/9 MP: 5/5
     0 | D:1      | magus.rc [v1.11.3]
   216 | D:1      | Found a faded altar of an unknown god.
   237 | D:1      | Got Plato's Quarto of Conflagration
   315 | D:1      | Reached XP level 2. HP: 13/13 MP: 6/6
   372 | D:1      | Reached skill level 3 in Spellcasting
   427 | D:1      | HP: 3/14 [jackal (1)]
   432 | D:1      | HP: 3/14 [jackal (1)]
   440 | D:1      | Reached skill level 2 in Short Blades
   735 | D:1      | Learned a level 2 spell: Ensorcelled Hibernation
   747 | D:2      | Reached skill level 3 in Dodging
   862 | D:2      | Reached XP level 3. HP: 17/17 MP: 8/8
  1068 | D:2      | You pick up a book of Displacement and begin reading...
  1068 | D:2      | You add the spells Lesser Beckoning, Gell's Gravitas and
                  | Teleport Other to your library.
  1237 | D:2      | Noticed Natasha
  1240 | D:2      | Killed Natasha
  1241 | D:2      | Reached skill level 4 in Hexes
  1241 | D:2      | Reached XP level 4. HP: 21/21 MP: 9/9
  1349 | D:2      | Noticed Natasha
  1473 | D:2      | Killed Natasha
  1474 | D:2      | Reached skill level 1 in Fighting
  1474 | D:2      | Reached skill level 5 in Stealth
  1679 | D:2      | Noticed Natasha
  1686 | D:2      | Killed Natasha
  1687 | D:2      | Reached skill level 3 in Short Blades
  2150 | D:3      | You fall into a shaft and drop 1 floor!
  2172 | D:4      | Reached XP level 5. HP: 25/25 MP: 11/11
  2891 | D:4      | Noticed an ogre
  2920 | D:4      | Killed an ogre
  2921 | D:4      | Reached XP level 6. HP: 30/30 MP: 3/12
  3184 | D:4      | Reached skill level 4 in Dodging
  3299 | D:4      | Reached skill level 4 in Short Blades
  3299 | D:4      | Reached skill level 4 in Spellcasting
  3364 | D:4      | Found a staircase to the Ecumenical Temple.
  3371 | Temple   | Entered the Ecumenical Temple
  3467 | Temple   | Became a worshipper of Dithmenos the Shadowed
  3846 | D:3      | Noticed Pargi
  3871 | D:3      | Killed Pargi
  3872 | D:3      | Reached skill level 2 in Fighting
  3916 | D:3      | Noticed Ijyb
  3917 | D:3      | Noticed Robin
  3943 | D:2      | Killed Ijyb
  3944 | D:2      | Reached skill level 6 in Stealth
  4069 | D:2      | Killed Robin
  4073 | D:2      | Reached * piety under Dithmenos
  4193 | D:3      | Found a broken altar of Ashenzari.
  4196 | D:3      | Found an opulent altar of Gozag.
  4200 | D:3      | Found a shimmering blue altar of Sif Muna.
  4495 | D:3      | Found Zin's Purification Station.
  4496 | D:3      | Found a glowing silver altar of Zin.
  4514 | D:3      | Bought a potion of curing for 90 gold pieces
  4525 | D:3      | Learned a level 3 spell: Confusing Touch
  4529 | D:3      | Learned a level 3 spell: Tukima's Dance
  4533 | D:3      | Learned a level 3 spell: Dazzling Flash
  4562 | D:5      | Entered Level 5 of the Dungeon
  4629 | D:5      | Reached XP level 7. HP: 27/35 MP: 11/14
  4664 | D:5      | Noticed Duvessa
  4666 | D:5      | Noticed Dowan
  4689 | D:5      | Killed Dowan
  4690 | D:5      | Reached skill level 5 in Hexes
  4906 | D:4      | Killed Duvessa
  4907 | D:4      | Reached skill level 5 in Short Blades
  5045 | D:5      | Noticed Eustachio
  5069 | D:5      | Killed Eustachio
  5288 | D:5      | Reached skill level 5 in Dodging
  5680 | D:5      | Reached skill level 5 in Spellcasting
  5680 | D:5      | Reached XP level 8. HP: 39/39 MP: 16/16
  5904 | D:6      | Noticed a two-headed ogre
  5911 | D:6      | Reached skill level 7 in Stealth
  5924 | D:6      | Slain by a two-headed ogre

Vanquished Creatures
  A dancing weapon (D:4)
  Eustachio (D:5)
  Duvessa (D:4)
  A sky beast (D:6)
  Pargi (D:3)
  An ogre (D:4)
  A centaur (D:5)
  2 scorpions (D:5)
  Dowan (D:5)
  An orc priest (D:5)
  A gnoll bouda (D:4)
  2 iguanas (D:4)
  Natasha (thrice) (D:2)
  Ijyb (D:2)
  Robin (D:2)
  4 adders
  4 gnolls (D:4)
  A worm (D:3)
  2 dart slugs
  5 orcs
  7 endoplasms
  2 giant cockroaches
  16 goblins
  8 hobgoblins
  4 jackals (D:1)
  4 kobolds
  2 quokkas
  7 ball pythons
  5 bats
  4 frilled lizards
  7 rats
101 creatures vanquished.

Vanquished Creatures (others)
  8 plants (D:4)
8 creatures vanquished.

Grand Total: 109 creatures vanquished

Table legend:
 A = Non-vault XP
 B = Vault XP
 C = Vault XP percentage of total XP
 D = Non-vault monster count
 E = Vault monster count
 F = Vault count percentage of total count
                 A         B        C        D         E       F
            +---------+---------+-------+---------+---------+-------
      Total |     833 |     764 |  47.8 |      80 |      20 |  20.0
            +---------+---------+-------+---------+---------+-------
        D:1 |      36 |       0 |   0.0 |      22 |       0 |   0.0
        D:2 |     118 |      86 |  42.2 |      16 |       5 |  23.8
        D:3 |      35 |     144 |  80.4 |      19 |      10 |  34.5
        D:4 |     306 |     138 |  31.1 |      13 |       1 |   7.1
        D:5 |     335 |     251 |  42.8 |       9 |       2 |  18.2
        D:6 |       3 |     145 |  98.0 |       1 |       2 |  66.7
            +---------+---------+-------+---------+---------+-------

Illustrated notes

Table legend:
 A = Kills in this place as a percentage of kills in entire the game.
 B = Kills by you in this place as a percentage of kills by you in the entire game.
 C = Kills by friends in this place as a percentage of kills by friends in the entire game.
 D = Other kills in this place as a percentage of other kills in the entire game.
 E = Experience gained in this place as a percentage of experience gained in the entire game.
 F = Experience gained in this place divided by the number of levels of this place that you have seen.
                   A       B       C       D       E      F
               +-------+-------+-------+-------+-------+----------------------
         Total | 100.0 | 100.0 |   N/A |   N/A | 100.0 | 228.1
       Dungeon | 100.0 | 100.0 |   N/A |   N/A | 100.0 | 266.2
               +-------+-------+-------+-------+-------+----------------------

Table legend: (Time is in decaauts)
 A = Elapsed time spent in this place.
 B = Non-inter-level travel time spent in this place.
 C = Inter-level travel time spent in this place.
 D = Time resting spent in this place.
 E = Time spent auto-exploring this place.
 F = Levels seen in this place.
 G = Mean time per level.
                   A        B        C        D        E       F      G
               +--------+--------+--------+--------+--------+-----+--------+
         Total |   4207 |   4064 |    143 |    583 |   2558 |   7 |  601.0 |
       Dungeon |   4130 |   4012 |    118 |    583 |   2514 |   6 |  688.3 |
        Temple |     77 |     52 |     25 |      0 |     43 |   1 |   77.0 |
               +--------+--------+--------+--------+--------+-----+--------+

Top non-repeatable levels by time:
     D:4: 1220 daAuts
     D:2: 1018 daAuts
     D:5: 737 daAuts
     D:1: 600 daAuts
     D:3: 483 daAuts
  Temple: 77 daAuts
     D:6: 71 daAuts
